Map: Submarine LE

Players

LiquidClem (Clem) - Winner!

  • Race: Terran Terran
  • League: Grandmaster
  • Spawn Location: 5:00

Reynor

  • Race: Zerg Zerg
  • League: Master
  • Spawn Location: 11:00

Event: DreamHack SC2 Masters 2020 Winter

VOD

Have the link to the VOD?

Description

Time

  • Played on: Nov. 8, 2020, 2:28 p.m.
  • Length: 11:46

All games in this series

Show
View Real Time Build Order
Export as new Build Order

LiquidClem Terran - Winner!

Build Orders: Gas First Reaper Expand, Hellion Banshee 

Get SALT Encoding   

  12  0:00  SCV  
  13  0:12  SCV  
  14  0:16  Supply Depot  
  14  0:24  SCV  
  15  0:31  Refinery  
  15  0:38  SCV  
  16  0:43  Barracks  
  16  0:50  SCV  
  17  1:02  SCV  
  18  1:14  SCV  
  19  1:30  Reaper, Orbital Command  
  20  1:41  Command Center  
  20  1:52  Factory  
  20  1:56  SCV  
  21  2:07  Barracks Reactor  
  21  2:08  SCV  
  22  2:11  Supply Depot  
  22  2:20  SCV, Refinery  
  23  2:33  SCV  
  24  2:46  SCV  
  24  2:48  Hellion x2  
  24  2:49  Barracks Tech Lab  
  28  2:52  Starport  
  28  2:56  Orbital Command  
  28  3:00  SCV  
  29  3:10  Hellion  
  29  3:11  Hellion  
  33  3:15  SCV  
  34  3:23  SCV  
  34  3:27  SCV  
  34  3:33  Supply Depot  
  35  3:34  Barracks Tech Lab  
  35  3:35  SCV  
  35  3:40  Cloaking Field, Banshee  
  39  3:44  SCV  
  39  3:47  SCV, Hellion  
  43  3:51  Hellion  
  45  3:57  SCV  
  45  3:58  Supply Depot  
  45  3:59  SCV  
  45  4:00  Marine  
  48  4:09  SCV  
  49  4:12  SCV  
  50  4:22  SCV  
  50  4:23  Command Center  
  50  4:24  SCV  
  52  4:26  Banshee  
  52  4:30  Supply Depot  
  52  4:31  Factory Reactor  
  55  4:35  Stimpack  
  55  4:37  SCV  
  56  4:40  SCV  
  56  4:41  Marine  
  58  4:47  Barracks  
  58  4:49  SCV  
  58  4:52  SCV, Barracks  
  60  4:59  Marine  
  61  5:01  SCV  
  61  5:04  SCV  
  61  5:06  Supply Depot  
  63  5:09  Engineering Bay  
  63  5:10  Engineering Bay  
  63  5:14  Refinery x2  
  63  5:15  SCV  
  63  5:17  SCV, Marine  
  63  5:19  Starport Reactor  
  66  5:26  Siege Tank  
  66  5:27  SCV  
  66  5:28  Supply Depot  
  70  5:30  SCV  
  70  5:34  Marine x2  
  74  5:42  Marine  
  75  5:43  SCV  
  75  5:45  Orbital Command  
  75  5:46  SCV  
  76  5:50  Terran Infantry Weapons Level 1, Terran Infantry Armor Level 1  
  76  5:51  Marine x2  
  76  5:52  Marine  
  79  5:57  Medivac x2, Marine  
  79  6:02  SCV  
  79  6:03  Supply Depot  
  85  6:05  Marine  
  85  6:09  SCV, Orbital Command, Marine  
  85  6:10  Supply Depot  
  88  6:12  Marine  
  88  6:14  SCV  
  88  6:17  Siege Tank  
  93  6:22  SCV, Supply Depot  
  94  6:26  SCV  
  94  6:32  Marine x2  
  96  6:34  SCV  
  96  6:37  SCV  
  99  6:40  Supply Depot  
  99  6:41  SCV  
  99  6:43  Armory  
  99  6:44  Marine  
  101  6:48  Combat Shield  
  101  6:54  SCV  
  101  6:55  Barracks  
  101  6:56  SCV, Barracks  
  101  6:57  Marine x2  
  101  6:59  SCV  
  104  7:03  Marine x2, Siege Tank  
  104  7:05  Supply Depot  
  104  7:06  SCV  
  104  7:07  Marine  
  111  7:11  Medivac x2  
  111  7:12  SCV  
  111  7:15  Marine x2  
  116  7:17  Supply Depot  
  116  7:20  SCV  
  116  7:21  SCV, Supply Depot  
  111  7:25  Marine x2  
  111  7:26  Marine  
  111  7:28  SCV  
  115  7:33  Marine x2  
  115  7:37  Barracks x2  
  117  7:38  Barracks  
  117  7:40  Supply Depot  
  117  7:43  Marine  
  119  7:45  Supply Depot, Siege Tank  
  119  7:47  Marine x2  
  119  7:49  Barracks Reactor  
  119  7:50  Medivac x2  
  127  7:52  Marine x2  
  127  7:53  Marine  
  127  7:56  Terran Infantry Weapons Level 2  
  130  8:01  Marine  
  130  8:03  Terran Infantry Armor Level 2  
  130  8:05  Marine x2  
  126  8:09  Marine x2  
  122  8:18  SCV  
  122  8:19  Marine  
  127  8:20  Siege Tank  
  127  8:21  SCV x2  
  127  8:22  Barracks Reactor, Refinery  
  127  8:23  Marine x2  
  127  8:24  Command Center  
  131  8:30  SCV, Marine x5  
  137  8:37  Marine  
  137  8:38  Marine  
  137  8:40  Marine  
  137  8:41  Marine  
  130  8:44  Medivac x2  
  130  8:45  Marine  
  135  8:48  Marine x2  
  135  8:52  Marine x2  
  135  8:53  Marine  
  135  8:55  Marine  
  141  8:56  Marine, Siege Tank  
  141  8:59  Marine x2  
  141  9:00  Marine x2  
  148  9:03  Supply Depot, Marine  
  148  9:05  Refinery  
  148  9:06  Factory, Marine  
  150  9:10  Marine x2  
  150  9:11  Marine  
  150  9:12  Marine x2  
  150  9:14  Marine  
  156  9:17  Marine  
  156  9:19  Marine  
  156  9:20  Supply Depot  
  156  9:24  Medivac x2  
  159  9:27  Supply Depot, Marine  
  159  9:29  Marine  
  158  9:32  Siege Tank  
  158  9:35  Terran Vehicle Weapons Level 1  
  158  9:38  Supply Depot  
  159  9:41  Marine  
  159  9:44  Marine x2  
  159  9:45  Marine x2  
  150  9:46  Marine  
  150  9:51  Marine  
  145  9:54  Marine x2  
  145  9:58  Marine  
  140  10:00  SCV, Marine  
  140  10:03  SCV x2  
  140  10:06  Marine x2  
  144  10:07  Siege Tank  
  144  10:08  Marine x5  
  150  10:14  Factory Tech Lab  
  150  10:15  SCV  
  150  10:17  Marine  
  150  10:25  Marine x2  
  150  10:26  Marine, Liberator  
  150  10:27  Marine x4  
  159  10:31  Planetary Fortress  
  159  10:34  SCV x2  
  161  10:35  Marine x2  
  161  10:36  Marine x2  
  161  10:39  Siege Tank  
  163  10:44  Medivac  
  163  10:45  Marine x2  
  152  10:52  Marine  
  152  10:53  SCV x3  
  147  10:57  Marine x5  
  147  11:02  Siege Tank  
  155  11:05  SCV x2  
  154  11:13  Marine x2  
  154  11:14  Marine x2  
  154  11:17  Marine  
  156  11:18  Marine  
  156  11:21  Marine x2  
  156  11:23  Marine  
  157  11:29  SCV  
Show
View Real Time Build Order
Export as new Build Order

Reynor Zerg 

Build Orders: Pool First, Lurkers 

Get SALT Encoding   

  12  0:00  Drone  
  13  0:12  Overlord  
  13  0:16  Drone  
  14  0:30  Drone x2  
  14  0:33  Drone  
  17  0:42  Extractor  
  16  0:44  Drone  
  17  0:50  Spawning Pool  
  17  0:55  Drone  
  17  1:06  Drone  
  18  1:17  Hatchery  
  17  1:23  Drone  
  18  1:36  Queen  
  18  1:37  Zergling x2  
  21  1:42  Metabolic Boost  
  21  1:49  Overlord  
  21  1:53  Drone  
  22  2:07  Drone  
  23  2:10  Drone  
  23  2:12  Queen  
  26  2:23  Drone  
  28  2:30  Zergling x2  
  28  2:31  Pneumatized Carapace  
  28  2:32  Drone  
  29  2:40  Drone  
  30  2:45  Overlord, Drone  
  30  2:48  Drone x2  
  33  2:51  Drone  
  33  2:54  Drone  
  35  3:03  Hatchery  
  34  3:06  Drone  
  34  3:07  Drone  
  34  3:12  Drone  
  37  3:16  Drone  
  38  3:21  Queen  
  38  3:24  Zergling x4  
  42  3:27  Overlord  
  42  3:28  Drone  
  42  3:30  Drone  
  44  3:35  Overlord  
  44  3:45  Drone  
  44  3:46  Lair  
  44  3:47  Drone  
  46  3:50  Drone  
  46  3:51  Extractor  
  46  3:55  Overlord  
  46  3:57  Queen, Drone x3  
  51  4:03  Zergling x2  
  51  4:06  Drone  
  53  4:13  Drone  
  53  4:15  Zergling x2  
  53  4:16  Baneling Nest  
  54  4:17  Queen  
  54  4:18  Drone  
  54  4:23  Drone  
  58  4:26  Spore Crawler, Drone  
  58  4:27  Drone x2  
  58  4:28  Drone x2  
  62  4:33  Overlord, Spore Crawler  
  62  4:35  Drone  
  62  4:38  Drone  
  63  4:39  Drone  
  63  4:43  Drone  
  65  4:46  Zergling x2  
  65  4:47  Overseer  
  65  4:49  Zergling x4  
  68  4:56  Drone x2  
  70  5:01  Drone x2  
  70  5:02  Drone  
  70  5:04  Drone  
  70  5:06  Centrifical Hooks  
  72  5:07  Queen  
  72  5:09  Overlord  
  72  5:10  Zergling x4  
  72  5:12  Drone x2  
  78  5:17  Extractor  
  78  5:20  Drone  
  79  5:21  Drone  
  79  5:23  Overlord  
  79  5:26  Drone x3  
  82  5:34  Drone x3  
  85  5:36  Overlord  
  85  5:42  Overlord  
  85  5:45  Hatchery  
  85  5:50  Drone x5  
  85  5:51  Extractor  
  85  5:52  Evolution Chamber, Extractor  
  85  5:53  Zergling x2, Evolution Chamber  
  86  5:58  Overlord  
  86  6:00  Zergling x8  
  91  6:04  Drone  
  91  6:06  Hydralisk Den  
  91  6:07  Extractor  
  89  6:11  Drone x3  
  89  6:17  Overlord  
  89  6:18  Drone x2  
  94  6:19  Zergling x6  
  94  6:21  Zergling x2  
  94  6:24  Zerg Ground Armor Level 1  
  94  6:25  Zergling x2, Zerg Melee Weapons Level 1  
  99  6:27  Baneling x6  
  99  6:28  Drone  
  99  6:31  Drone  
  101  6:34  Drone  
  101  6:35  Drone x2  
  101  6:37  Zergling x4  
  106  6:41  Baneling x8  
  106  6:45  Zergling x4  
  108  6:49  Zergling x4  
  108  6:50  Zergling x4  
  108  6:51  Overlord  
  112  6:57  Zergling x2  
  112  6:58  Zergling x6  
  111  7:02  Drone x2  
  111  7:05  Drone  
  111  7:06  Drone x2  
  111  7:07  Muscular Augments, Hydralisk x2  
  120  7:09  Hydralisk  
  120  7:11  Hydralisk  
  124  7:19  Zergling x4, Hydralisk  
  119  7:22  Drone  
  119  7:28  Hydralisk  
  119  7:29  Hydralisk x2  
  121  7:32  Hydralisk  
  121  7:33  Zergling x6  
  121  7:37  Zergling x6, Hydralisk  
  127  7:38  Zergling x4  
  127  7:39  Overlord  
  127  7:40  Zergling x2, Hydralisk  
  127  7:43  Zergling x4, Hydralisk  
  141  7:45  Spore Crawler  
  141  7:46  Hatchery, Drone  
  140  7:52  Overlord  
  140  7:53  Overlord  
  138  8:01  Zergling x10  
  138  8:05  Baneling x7  
  140  8:07  Hydralisk  
  140  8:08  Zergling x4  
  138  8:14  Zergling x2  
  138  8:15  Zergling x16  
  138  8:19  Zergling x6  
  148  8:25  Zergling x2  
  148  8:26  Overlord  
  149  8:32  Zergling x4  
  144  8:36  Zergling x2, Hydralisk  
  144  8:37  Zergling x8  
  144  8:39  Overseer x2  
  142  8:42  Zergling x12, Infestation Pit, Lurker Den  
  142  8:46  Drone  
  145  8:49  Overseer  
  145  8:51  Hydralisk  
  145  8:52  Zergling x4  
  149  8:56  Zergling x2  
  149  9:01  Overlord  
  150  9:03  Drone x7  
  156  9:12  Overlord  
  156  9:16  Grooved Spines, Zerg Ground Armor Level 2  
  156  9:17  Zerg Missile Weapons Level 1  
  147  9:18  Drone x5  
  147  9:19  Hive  
  147  9:20  Hydralisk x2  
  147  9:22  Drone x2  
  156  9:26  Hydralisk  
  156  9:28  Drone  
  159  9:33  Zergling x2  
  159  9:34  Zergling x10  
  159  9:36  Baneling x7  
  159  9:37  Overlord x4  
  152  9:53  Zergling x10  
  152  9:54  Overlord  
  152  9:59  Lurker x2  
  150  10:00  Lurker x3  
  150  10:01  Zergling x4, Hydralisk  
  150  10:02  Zergling x18  
  150  10:06  Drone x5  
  170  10:08  Zergling x2  
  170  10:10  Lurker, Baneling x3  
  170  10:11  Lurker x2  
  170  10:13  Zergling x2  
  170  10:14  Zergling x2  
  176  10:19  Drone  
  167  10:22  Hydralisk  
  167  10:24  Hydralisk  
  164  10:29  Zergling x6, Hatchery  
  164  10:34  Hydralisk  
  164  10:35  Zergling x14  
  166  10:44  Zergling x14  
  166  10:49  Hydralisk  
  142  10:51  Zergling x2  
  142  10:54  Hydralisk  
  142  10:55  Zergling x2  
  133  11:00  Zergling x6, Hydralisk  
  138  11:08  Hydralisk, Lurker x4  
  138  11:09  Zergling x22  
  146  11:13  Hydralisk  
  146  11:16  Hydralisk  
  146  11:17  Hydralisk  
  146  11:18  Zergling x2  
  111  11:26  Zergling x2  
Tags
 
Add a new tag
Caveats
  • Supply blocks, unpowered buildings, or Contaminate may cause inaccurate times.
  • Supply counts are checked every 10 seconds.